 Dungeon Sprint DCSS version 0.32-a0-599-gba8f9cf90e (webtiles) character file.

Game seed: 4564263469599665262

3283 Conn the Eclecticist (level 12, -20/84 HPs)
             Began as an Octopode Fire Elementalist on Mar 3, 2024.
             Was the Champion of Sif Muna.
             Hit by a large rock thrown by Polyphemus (40 damage)
             ... in the Dungeon (Sprint VI: "Thunderdome").
             The game lasted 00:27:20 (1718 turns).

Conn the Eclecticist (Octopode Fire Elementalist)   Turns: 1718, Time: 00:27:21

Health: -20/84     AC:  1    Str: 20    XL:     12   Next: 28%
Magic:  31/49      EV: 23    Int: 36    God:    Sif Muna [******]
Gold:   570        SH:  0    Dex: 15    Spells: 12/41 levels left

rFire   + . .        E - +3 flail
rCold   . . .        (no shield)
rNeg    + + +        B - +0 hat of Inviolability {Fly rF+}
rPois   +            l - amulet "Addudgh" {Rampage rC- Will+ RegenMP+ Int+8}
rElec   +            k - ring "Cenowilli" {Fly Will+++ Int+5 Stlth-}
rCorr   +            m - ring "Zumoptesh" {EV+5 Str+2 SInv}
SInv    +            n - ring "Lilits" {Fly rCorr}
Will    +++++        b - ring "Ypserir" {Fly MP+9}
Stlth   ++           q - ring "Duism" {Will+ Str+6}
HPRegen 0.34/turn    t - ring of Fragile Peace {rElec rPois rC+ rN++ Stlth-}
MPRegen 0.71/turn    s - ring of Mezep {rCorr MP+9 SInv}
                     x - ring "Gotyaff" {rN+ Str+5 Dex+3}

%: no teleportation, rampage
@: on blink cooldown, flying
A: almost no armour, amphibious, 8 rings, camouflage 1, gelatinous body 1,
(nimble swimmer 1), tentacles
}: 1/15 runes: serpentine
a: Renounce Religion, Channel Magic, Forget Spell, Divine Exegesis


You were in the Dungeon.
You worshipped Sif Muna.
Sif Muna was exalted by your worship.
You visited 1 branch You collected 2350 gold pieces.
You spent 1780 gold pieces at shops.

Inventory:

Hand Weapons
 o - a +0 dagger
 p - a +0 dagger of venom
 E - a +3 flail (weapon)
Missiles
 D - a throwing net
Armour
 A - the +0 buckler "Xaog" {rCorr Str+2}
   (You bought it in a shop in the Dungeon)

   Str+2:     It affects your strength (+2).
   rCorr:     It protects you from acid and corrosion.
 B - the +0 hat of Inviolability (worn) {Fly rF+}
   (You bought it in a shop in the Dungeon)

   rF+:       It protects you from fire.
   Fly:       It grants you flight.
 C - the +0 buckler "Hyro" {Slay+3}
   (You bought it in a shop in the Dungeon)

   Slay+3:    It affects your accuracy & damage with ranged weapons and melee
   (+3).
Jewellery
 b - the ring "Ypserir" (on tentacle) {Fly MP+9}
   (You bought it in a shop in the Dungeon)

   [ring of flight]

   MP+9:      It affects your magic capacity (+9).
   Fly:       It grants you flight.
 k - the ring "Cenowilli" (left tentacle) {Fly Will+++ Int+5 Stlth-}
   (You bought it in a shop in the Dungeon)

   [ring of flight]

   Int+5:     It affects your intelligence (+5).
   Will+++:   It greatly increases your willpower.
   Fly:       It grants you flight.
   Stlth-:    It makes you less stealthy.
 l - the amulet "Addudgh" (around mantle) {Rampage rC- Will+ RegenMP+ Int+8}
   (You bought it in a shop in the Dungeon)

   [amulet of magic regeneration]

   It increases your rate of magic regeneration.
   Int+8:     It affects your intelligence (+8).
   rC-:       It makes you vulnerable to cold.
   Will+:     It increases your willpower.
   Rampage:   It bestows one free step when moving towards enemies.
   RegenMP+:  It increases your rate of magic regeneration.
 m - the ring "Zumoptesh" (right tentacle) {EV+5 Str+2 SInv}
   (You bought it in a shop in the Dungeon)

   [ring of evasion]

   EV+5:      It affects your evasion (+5).
   Str+2:     It affects your strength (+2).
   SInv:      It lets you see invisible.
 n - the ring "Lilits" (on tentacle) {Fly rCorr}
   (You bought it in a shop in the Dungeon)

   [ring of flight]

   Fly:       It grants you flight.
   rCorr:     It protects you from acid and corrosion.
 q - the ring "Duism" (on tentacle) {Will+ Str+6}
   (You bought it in a shop in the Dungeon)

   [ring of strength]

   Str+6:     It affects your strength (+6).
   Will+:     It increases your willpower.
 r - the ring of the Monkey's Uncle {Ice MP+9 Int+3 Dex+3 SInv}
   (You bought it in a shop in the Dungeon)

   [ring of ice]

   Ice:       It enhances your ice magic.
   Int+3:     It affects your intelligence (+3).
   Dex+3:     It affects your dexterity (+3).
   rF-:       It makes you vulnerable to fire.
   rC+:       It protects you from cold.
   MP+9:      It affects your magic capacity (+9).
   SInv:      It lets you see invisible.
 s - the ring of Mezep (on tentacle) {rCorr MP+9 SInv}
   (You bought it in a shop in the Dungeon)

   [ring of resist corrosion]

   MP+9:      It affects your magic capacity (+9).
   SInv:      It lets you see invisible.
   rCorr:     It protects you from acid and corrosion.
 t - the ring of Fragile Peace (on tentacle) {rElec rPois rC+ rN++ Stlth-}
   (You bought it in a shop in the Dungeon)

   [ring of protection from cold]

   rC+:       It protects you from cold.
   rElec:     It insulates you from electricity.
   rPois:     It protects you from poison.
   rN++:      It greatly protects you from negative energy.
   Stlth-:    It makes you less stealthy.
 u - the ring "Aquonoeh" {rN+ Will+}
   (You bought it in a shop in the Dungeon)

   [ring of positive energy]

   rN+:       It protects you from negative energy.
   Will+:     It increases your willpower.
 v - the ring "Nyshurri" {rN+ Str+3}
   (You bought it in a shop in the Dungeon)

   [ring of positive energy]

   Str+3:     It affects your strength (+3).
   rN+:       It protects you from negative energy.
 w - the ring "Gih Fogh" {Int+3 SInv}
   (You bought it in a shop in the Dungeon)

   [ring of see invisible]

   Int+3:     It affects your intelligence (+3).
   SInv:      It lets you see invisible.
 x - the ring "Gotyaff" (on tentacle) {rN+ Str+5 Dex+3}
   (You bought it in a shop in the Dungeon)

   [ring of positive energy]

   Str+5:     It affects your strength (+5).
   Dex+3:     It affects your dexterity (+3).
   rN+:       It protects you from negative energy.
 y - the ring "Xoosyi" {Ice Dex+6}
   (You bought it in a shop in the Dungeon)

   [ring of ice]

   Ice:       It enhances your ice magic.
   Dex+6:     It affects your dexterity (+6).
   rF-:       It makes you vulnerable to fire.
   rC+:       It protects you from cold.
 z - the ring "Ugijoz" {Fly Str+2 Stlth+}
   (You bought it in a shop in the Dungeon)

   [ring of flight]

   Str+2:     It affects your strength (+2).
   Fly:       It grants you flight.
   Stlth+:    It makes you more stealthy.
Wands
 g - a wand of acid (3)
 h - a wand of iceblast (3)
Scrolls
 f - 2 scrolls of blinking
 i - 3 scrolls of fog
Potions
 a - 3 potions of magic
 d - 3 potions of haste
 e - a potion of berserk rage
 j - a potion of resistance


   Skills:
 * Level 8.8 Fighting
 + Level 1.1 Maces & Flails
 * Level 9.9 Dodging
 + Level 5.4 Stealth
 * Level 4.4 Shields
 * Level 15.4 Spellcasting
 * Level 9.3 Conjurations
 - Level 5.7 Hexes
 + Level 1.3 Translocations
 + Level 13.8 Fire Magic
 * Level 3.7 Ice Magic
 * Level 3.6 Air Magic
 * Level 3.5 Earth Magic
 + Level 10.9 Invocations
 + Level 0.4 Evocations


You had 12 spell levels left.
You knew the following spells:

 Your Spells              Type           Power      Damage    Failure   Level
a - Foxfire               Conj/Fire      100%       2x1d9     0%          1
b - Scorch                Fire           100%       2d9       0%          2
c - Inner Flame           Hex/Fire       78%        N/A       1%          3
d - Flame Wave            Conj/Fire      84%        2d18      1%          4
e - Hailstorm             Conj/Ice       65%        3d12      1%          3
f - Stone Arrow           Conj/Erth      100%       3d13      1%          3
g - Arcjolt               Conj/Air       32%        1d42      2%          5
h - Plasma Beam           Fire/Air       37%        2x1d50    5%          6
i - Blink                 Tloc           74%        N/A       1%          2

Your spell library contained the following spells:

 Spells                   Type           Power      Damage    Failure   Level
 Apportation              Tloc           74%        N/A       1%          1
 Shock                    Conj/Air       100%       1d9       1%          1
 Lesser Beckoning         Tloc           74%        N/A       1%          2
 Momentum Strike          Conj/Tloc      100%       3d10      1%          2
 Dazzling Flash           Conj/Hex       100%       N/A       1%          3
 Sigil of Binding         Hex            62%        N/A       1%          3
 Volatile Blastmotes      Fire/Tloc      100%       2d18      1%          3
 Iskenderun's Battlesphe  Conj           76%        2d12      1%          5
 Starburst                Conj/Fire      42%        6d12      1%          6
 Dimensional Bullseye     Hex/Tloc       26%        N/A       3%          4
 Fugue of the Fallen      Necr           27%        N/A       4%          3
 Vhi's Electric Charge    Tloc/Air       90%        N/A       4%          4
 Petrify                  Alch/Erth      40%        N/A       6%          4
 Manifold Assault         Tloc           37%        N/A       8%          4
 Bombard                  Conj/Erth      32%        9d6       14%         6
 Malign Gateway           Summ/Tloc      16%        N/A       100%        7
 Borgnjor's Revivificati  Necr           13%        N/A       100%        8


Dungeon Overview and Level Annotations

Branches:
Dungeon (1/1)

Altars:
Cheibriados
Dithmenos
Fedhas
Gozag
Kikubaaqudgha
Makhleb
Okawaru
Qazlal
Ru
Sif Muna
Trog
Uskayaw
Vehumet
Wu Jian
Xom
Yredelemnul
Zin
The Shining One
Beogh
Lugonu

Shops:
D *[=??*?*:[((!!!!

Annotations:
D Polyphemus


Innate Abilities, Weirdness & Mutations

You cannot wear most types of armour.
You are amphibious.
You can wear up to eight rings at the same time.
Your skin changes colour to match your surroundings (Stealth+).
Your rubbery body absorbs attacks. (AC +1, EV +1)
((You are camouflaged when in or above water. (Stealth+)))
You have tentacles for arms and can constrict up to eight enemies at once.


Message History

You resist with almost no effort.
A water elemental comes into view.
You see here a +0 hand axe.
Your eldritch tentacle slaps Polyphemus but does no damage.
Your eldritch tentacle claws Polyphemus!!
The merfolk siren chants a haunting song.
You resist with almost no effort.
Unknown command. 50...
Polyphemus is no longer more vulnerable to fire.
Your eldritch tentacle slaps Polyphemus!
Your eldritch tentacle shocks Polyphemus!
Your eldritch tentacle claws Polyphemus.
Your eldritch tentacle draws strength from Polyphemus's injuries!
Polyphemus attacks as he pursues you! Polyphemus closely misses you.
Polyphemus hits you.
Your eldritch tentacle slaps Polyphemus but does no damage.
Your eldritch tentacle claws Polyphemus!
Your eldritch tentacle shocks Polyphemus!
Your eldritch tentacle slaps Polyphemus but does no damage.
Your eldritch tentacle claws Polyphemus!!
Polyphemus is engulfed in flames!!
The merfolk siren chants a haunting song.
You resist with almost no effort. Polyphemus attacks as he pursues you!
Polyphemus hits you!!
* * * LOW HITPOINT WARNING * * *
Polyphemus hits you!
* * * LOW HITPOINT WARNING * * *
Casting: Scorch (safe; 0% risk of failure)
Confirm with . or Enter, or press ? or * to list all spells.
You blink.
Your eldritch tentacle slaps Polyphemus!
Polyphemus seems to speed up.
Your eldritch tentacle claws Polyphemus but does no damage.
Okay, then.
Okay, then.
You feel much better.
Polyphemus throws a large rock.
The large rock hits you!!!
You die...
Polyphemus says, "You're nobody."

##∩___.)÷..[###......___∩##
######.ß÷..).))..ß.######
#⌠....w*§....⌠#
###.)..C....### #........_#
#_...)....# #_.[....._#
#∩.......∩# ##∩@....∩##
##.....## ##⌠⌠⌠## #####


You could see Polyphemus (fast, ally target) and a friendly eldritch tentacle.

Vanquished Creatures
  A naga warrior (D)
  A hydra (D)
  A boulder beetle (D)
  4 two-headed ogres (D)
  A skeletal warrior (D)
  4 deep trolls (D)
  An elephant (D)
  A naga mage (D)
  A merfolk siren (D)
  A cane toad (D)
  A kobold demonologist (D)
  An unseen horror (D)
  2 guardian mummies (D)
  2 trolls (D)
  A silent spectre (D)
  A wind drake (D)
  A shadow (D)
  2 yaks (D)
  5 ogres (D)
  A phantom (D)
  A weeping skull (D)
  3 scorpions (D)
  2 wights (D)
  An orc priest (D)
  2 hell rats (D)
  4 mummies (D)
  2 river rats (D)
  An adder skeleton (D)
  4 orcs (D)
  3 giant cockroaches (D)
  A ball python zombie (D)
57 creatures vanquished.

Vanquished Creatures (collateral kills)
  2 iron trolls (D)
  A manticore (D)
  2 merfolk (D)
5 creatures vanquished.

Vanquished Creatures (others)
  An eldritch tentacle (D)
  237 foxfires (D)
238 creatures vanquished.

Grand Total: 300 creatures vanquished

Notes
Turn   | Place    | Note
-------+----------+-------------------------------------------
     0 | D        | Conn the Octopode Fire Elementalist began the quest for the
                  | Orb.
     0 | D        | Reached XP level 1. HP: 11/11 MP: 3/3
     1 | D        | Found a corrupted altar of Lugonu.
     1 | D        | Found an iron altar of Okawaru.
     2 | D        | Found a sacrificial altar of Ru.
     2 | D        | Found a glowing silver altar of Zin.
     3 | D        | Found a basalt altar of Yredelemnul.
     4 | D        | Found Foinaas's Timeless Talismans.
     4 | D        | Found an opulent altar of Gozag.
     4 | D        | Found a snail-covered altar of Cheibriados.
     4 | D        | Found Qahah's Identification Station.
     5 | D        | Found Ciyppoeh's Jewellery.
     5 | D        | Found Qiovud's Advanced Armour.
     5 | D        | Round 1.
    21 | D        | Bought a clouded iron ring for 45 gold pieces
    21 | D        | Identified the ring "Cenowilli" {Fly Will+++ Int+5 Stlth-}
                  | (You bought it in a shop in the Dungeon)
    21 | D        | Bought a coiled copper amulet for 45 gold pieces
    21 | D        | Identified the amulet "Addudgh" {Rampage rC- Will+ RegenMP+
                  | Int+8} (You bought it in a shop in the Dungeon)
    21 | D        | Bought a brightly glowing marble ring for 45 gold pieces
    21 | D        | Identified the ring "Zumoptesh" {EV+5 Str+2 SInv} (You
                  | bought it in a shop in the Dungeon)
    21 | D        | Bought a clouded granite ring for 45 gold pieces
    21 | D        | Identified the ring "Lilits" {Fly rCorr} (You bought it in
                  | a shop in the Dungeon)
    34 | D        | Found a stormy altar of Qazlal.
    35 | D        | Found Geor's Magic Scroll Shop.
    36 | D        | Found Etwo's Magic Scroll Shop.
    36 | D        | Found Sithreaf's Must-Have Magic.
    37 | D        | Found a shadowy altar of Dithmenos.
    37 | D        | Found a glowing golden altar of the Shining One.
    37 | D        | Found a shimmering altar of Xom.
    37 | D        | Found Xaluxk Iboq's Staff Store.
    42 | D        | Found a bloodstained altar of Trog.
    43 | D        | Found a burning altar of Makhleb.
    44 | D        | Found Umnad's Distillery.
    45 | D        | Found Oledaupt's Distillery.
    45 | D        | Found Zudeuby's Bottled Wisdom.
    47 | D        | Noticed a scorpion
    52 | D        | Killed a scorpion
    53 | D        | Reached skill level 3 in Spellcasting
    53 | D        | Reached XP level 2. HP: 17/17 MP: 1/6
    53 | D        | Reached XP level 3. HP: 21/21 MP: 1/8
    53 | D        | Reached XP level 4. HP: 27/27 MP: 1/9
    54 | D        | Found a shimmering blue altar of Sif Muna.
    54 | D        | Found a radiant altar of Vehumet.
    54 | D        | Found a roughly hewn altar of Beogh.
    54 | D        | Found Ydweufuph's Do-It-Yourself Clinic.
    58 | D        | Found a hide-covered altar of Uskayaw.
    62 | D        | Became a worshipper of Sif Muna the Loreminder
    64 | D        | Found a blossoming altar of Fedhas.
    65 | D        | Found Ecwogudgh's Weapon Rack.
    65 | D        | Noticed a scorpion
    66 | D        | Found Oppim's Basic Armour.
    66 | D        | Found Ototuw's Miscellaneous Merchandise.
    67 | D        | Found an ancient bone altar of Kikubaaqudgha.
    67 | D        | Found an ornate altar of the Wu Jian Council.
    67 | D        | Found Ymmackoj's Premium Goods.
    75 | D        | Killed a scorpion
    76 | D        | Reached skill level 4 in Spellcasting
    76 | D        | Reached XP level 5. HP: 31/31 MP: 5/11
    80 | D        | Learned a level 2 spell: Scorch
    84 | D        | Learned a level 3 spell: Inner Flame
    89 | D        | Learned a level 4 spell: Flame Wave
    96 | D        | Reached * piety under Sif Muna
    97 | D        | Reached skill level 5 in Spellcasting
   111 | D        | Arena points: 14 (+14) [x2]
   170 | D        | Round 2.
   242 | D        | Reached ** piety under Sif Muna
   243 | D        | Reached skill level 1 in Fighting
   243 | D        | Reached skill level 5 in Stealth
   316 | D        | Reached XP level 6. HP: 38/38 MP: 12/14
   316 | D        | Arena points: 50 (+36) [x3]
   317 | D        | Reached skill level 1 in Hexes
   337 | D        | Bought a faintly glowing granite ring for 45 gold pieces
   337 | D        | Identified the ring "Duism" {Will+ Str+6} (You bought it in
                  | a shop in the Dungeon)
   337 | D        | Bought a faintly glowing silver ring for 45 gold pieces
   337 | D        | Identified the ring of the Monkey's Uncle {Ice MP+9 Int+3
                  | Dex+3 SInv} (You bought it in a shop in the Dungeon)
   367 | D        | Round 3.
   368 | D        | Noticed a guardian mummy
   373 | D        | Killed a guardian mummy
   374 | D        | Reached skill level 5 in Dodging
   374 | D        | Reached skill level 6 in Spellcasting
   374 | D        | Reached XP level 7. HP: 24/45 MP: 17/17
   378 | D        | Noticed a guardian mummy
   384 | D        | Killed a guardian mummy
   384 | D        | Reached *** piety under Sif Muna
   385 | D        | Reached skill level 7 in Spellcasting
   385 | D        | Reached skill level 10 in Fire Magic
   473 | D        | Reached **** piety under Sif Muna
   473 | D        | Arena points: 134 (+84) [x4]
   481 | D        | Bought a heavily runed tin ring for 45 gold pieces
   481 | D        | Identified the ring of Mezep {rCorr MP+9 SInv} (You bought
                  | it in a shop in the Dungeon)
   481 | D        | Bought a scintillating pewter ring for 45 gold pieces
   481 | D        | Identified the ring of Fragile Peace {rElec rPois rC+ rN++
                  | Stlth-} (You bought it in a shop in the Dungeon)
   540 | D        | Round 4.
   564 | D        | Reached skill level 8 in Spellcasting
   602 | D        | Noticed a cane toad
   613 | D        | Killed a cane toad
   614 | D        | Reached skill level 5 in Conjurations
   614 | D        | Reached XP level 8. HP: 54/54 MP: 20/20
   623 | D        | Noticed a yak
   629 | D        | Killed a yak
   629 | D        | Reached ***** piety under Sif Muna
   630 | D        | Reached skill level 9 in Spellcasting
   641 | D        | Noticed an elephant
   649 | D        | Killed an elephant
   650 | D        | Reached skill level 5 in Fighting
   650 | D        | Reached skill level 5 in Invocations
   661 | D        | Arena points: 294 (+160) [x5]
   670 | D        | Bought a twitching carnelian ring for 45 gold pieces
   670 | D        | Identified the ring "Aquonoeh" {rN+ Will+} (You bought it
                  | in a shop in the Dungeon)
   670 | D        | Bought a slimy tin ring for 45 gold pieces
   670 | D        | Identified the ring "Nyshurri" {rN+ Str+3} (You bought it
                  | in a shop in the Dungeon)
   670 | D        | Bought a shimmering lapis lazuli ring for 45 gold pieces
   670 | D        | Identified the ring "Gih Fogh" {Int+3 SInv} (You bought it
                  | in a shop in the Dungeon)
   670 | D        | Bought a wavering bone ring for 45 gold pieces
   670 | D        | Identified the ring "Gotyaff" {rN+ Str+5 Dex+3} (You bought
                  | it in a shop in the Dungeon)
   670 | D        | Bought a steaming platinum ring for 45 gold pieces
   670 | D        | Identified the ring "Xoosyi" {Ice Dex+6} (You bought it in
                  | a shop in the Dungeon)
   724 | D        | Round 5.
   732 | D        | Noticed a naga mage
   739 | D        | Killed a naga mage
   739 | D        | Received a gift from Sif Muna
   740 | D        | Reached skill level 10 in Spellcasting
   740 | D        | Reached skill level 5 in Hexes
   740 | D        | Reached XP level 9. HP: 49/61 MP: 23/23
   740 | D        | Got Sif Muna's Encyclopedia of Enchantment and Open Graves
                  | {god gift}
   742 | D        | Noticed a naga warlord
   747 | D        | Noticed a naga sharpshooter
   757 | D        | Noticed an anaconda
   758 | D        | Killed a naga warlord
   758 | D        | Arena points: 574 (+280) [x7]
   759 | D        | Reached skill level 11 in Spellcasting
   759 | D        | Got a serpentine rune of Zot
   761 | D        | Reached XP level 10. HP: 24/68 MP: 25/25
   916 | D        | Bought a wavering marble ring for 45 gold pieces
   916 | D        | Identified the ring "Ypserir" {Fly MP+9} (You bought it in
                  | a shop in the Dungeon)
   916 | D        | Bought a wavering pewter ring for 45 gold pieces
   916 | D        | Identified the ring "Ugijoz" {Fly Str+2 Stlth+} (You bought
                  | it in a shop in the Dungeon)
   947 | D        | Round 6.
   983 | D        | Noticed an iron troll
   993 | D        | Noticed a deep troll
  1002 | D        | Killed a deep troll
  1017 | D        | Noticed an iron troll
  1027 | D        | Noticed a deep troll
  1030 | D        | Noticed a deep troll
  1048 | D        | Killed a deep troll
  1049 | D        | Reached skill level 12 in Spellcasting
  1049 | D        | Reached XP level 11. HP: 70/74 MP: 27/27
  1058 | D        | Noticed a deep troll
  1059 | D        | Killed a deep troll
  1060 | D        | Reached skill level 10 in Invocations
  1066 | D        | Killed a deep troll
  1066 | D        | Received a gift from Sif Muna
  1067 | D        | Got Moyraog's Commentary on the Shining Singularity {god
                  | gift}
  1084 | D        | Killed an iron troll
  1085 | D        | Reached skill level 13 in Spellcasting
  1101 | D        | Killed an iron troll
  1101 | D        | Arena points: 1006 (+432) [x8]
  1112 | D        | Bought a scorched buckler for 332 gold pieces
  1112 | D        | Identified the +0 buckler "Xaog" {rCorr Str+2} (You bought
                  | it in a shop in the Dungeon)
  1133 | D        | Round 7.
  1150 | D        | Noticed a two-headed ogre
  1155 | D        | Killed a two-headed ogre
  1156 | D        | Reached skill level 1 in Shields
  1213 | D        | Noticed a two-headed ogre
  1231 | D        | Killed a two-headed ogre
  1232 | D        | Reached skill level 14 in Spellcasting
  1232 | D        | Reached skill level 1 in Translocations
  1232 | D        | Received a gift from Sif Muna
  1235 | D        | Got Sif Muna's Secrets of Terrestrial Destruction {god
                  | gift}
  1240 | D        | Learned a level 3 spell: Hailstorm
  1244 | D        | Learned a level 3 spell: Stone Arrow
  1250 | D        | Learned a level 5 spell: Arcjolt
  1255 | D        | Noticed a two-headed ogre
  1264 | D        | Killed a two-headed ogre
  1264 | D        | Arena points: 1573 (+567) [x9]
  1265 | D        | Reached skill level 1 in Ice Magic
  1265 | D        | Reached skill level 1 in Earth Magic
  1280 | D        | Bought a steaming hat for 315 gold pieces
  1280 | D        | Identified the +0 hat of Inviolability {Fly rF+} (You
                  | bought it in a shop in the Dungeon)
  1323 | D        | Round 8.
  1329 | D        | Reached skill level 1 in Air Magic
  1331 | D        | Noticed Harold
  1332 | D        | Noticed a rakshasa
  1333 | D        | Noticed a boulder beetle
  1333 | D        | Noticed a two-headed ogre
  1335 | D        | Noticed a seven-headed hydra
  1344 | D        | Killed a boulder beetle
  1344 | D        | Killed a seven-headed hydra
  1354 | D        | Killed a two-headed ogre
  1355 | D        | Reached XP level 12. HP: 20/84 MP: 18/30
  1377 | D        | Arena points: 2293 (+720) [x10]
  1392 | D        | Round 9.
  1403 | D        | Received a gift from Sif Muna
  1412 | D        | Learned a level 6 spell: Plasma Beam
  1418 | D        | Bought a twisted buckler for 332 gold pieces
  1418 | D        | Identified the +0 buckler "Hyro" {Slay+3} (You bought it in
                  | a shop in the Dungeon)
  1470 | D        | Bought a book of Spatial Translocations for 126 gold pieces
  1473 | D        | Learned a level 2 spell: Blink
  1498 | D        | Reached ****** piety under Sif Muna
  1499 | D        | Reached skill level 15 in Spellcasting
  1524 | D        | Received a gift from Sif Muna
  1527 | D        | Got Sif Muna's Book of the Kinetic Geologist {god gift}
  1543 | D        | Arena points: 3283 (+990) [x11]
  1580 | D        | Round 10.
  1587 | D        | Noticed Polyphemus
  1709 | D        | Reached skill level 1 in Maces & Flails
  1718 | D        | Hit by a large rock thrown by Polyphemus

Illustrated notes

Levels and vault maps discovered:
D:        arena_sprint

Skill      XL: |  1  2  3  4  5  6  7  8  9 10 11 12 |
---------------+-------------------------------------+-----
Dodging        | 3 4 5 6 7 8 9 |  9.9
Stealth        | 4 5 |  5.4
Spellcasting   | 3 4 5 6 8 10 11 12 14 15 | 15.4
Fire Magic     | 6 7 8 9 10 11 12 13 | 13.8
Conjurations   | 2 3 4 5 6 7 8 9 |  9.3
Fighting       | 1 2 4 5 6 8 |  8.8
Hexes          | 2 4 5 |  5.7
Invocations    | 2 4 5 9 10 | 10.9
Shields        | 3 4 |  4.4
Translocations | 1 |  1.3
Ice Magic      | 2 3 |  3.7
Earth Magic    | 2 3 |  3.5
Air Magic      | 2 3 |  3.6
Maces & Flails | 1 |  1.1
Evocations     | |  0.4

Action                     |  1- 3 |  4- 6 |  7- 9 | 10-12 || total
---------------------------+-------+-------+-------+-------++-------
  Melee: Unarmed           |       |     3 |       |       ||     3
         Constrict         |       |     2 |       |     1 ||     3
         Flail             |       |       |       |    10 ||    10
         Tentacles         |       |       |       |     3 ||     3
         Dagger            |       |       |       |     2 ||     2
   Cast: Foxfire           |     5 |    22 |    27 |    81 ||   135
         Scorch            |       |     4 |    23 |    51 ||    78
         Inner Flame       |       |     1 |     4 |    13 ||    18
         Flame Wave        |       |       |     2 |     9 ||    11
         Stone Arrow       |       |       |       |     2 ||     2
         Malign Gateway    |       |       |       |     2 ||     2
         Arcjolt           |       |       |       |     1 ||     1
         Blink             |       |       |       |     4 ||     4
         Plasma Beam       |       |       |       |     3 ||     3
 Invoke: Divine Exegesis   |       |       |       |     2 ||     2
  Evoke: Wand              |       |       |       |     4 ||     4
    Use: Potion            |       |       |     3 |     4 ||     7
         Scroll            |       |       |       |     2 ||     2
 Armour: Skin              |       |       |     7 |    27 ||    34
  Dodge: Dodged            |       |     5 |     9 |    52 ||    66

Table legend: (Time is in decaauts)
 A = Elapsed time spent in this place.
 B = Non-inter-level travel time spent in this place.
 C = Inter-level travel time spent in this place.
 D = Time resting spent in this place.
 E = Time spent auto-exploring this place.
 F = Levels seen in this place.
 G = Mean time per level.
                   A        B        C        D        E       F      G
               +--------+--------+--------+--------+--------+-----+--------+
         Total |   1696 |   1696 |      0 |    214 |      0 |   1 | 1696.0 |
       Dungeon |   1696 |   1696 |      0 |    214 |      0 |   1 | 1696.0 |
               +--------+--------+--------+--------+--------+-----+--------+

Top non-repeatable levels by time:
       D: 1696 daAuts
